 Dungeon Crawl Stone Soup version 0.18-a0-1805-g8ab820f (webtiles) character file.

330578 Chiseanne the Bludgeoner (level 20, -3/198 HPs)
             Began as a Troll Monk on Apr 25, 2016.
             Was a High Priest of Okawaru.
             Shot with an arrow by a deep elf archer (16 damage)
             ... on level 1 of the Elven Halls.
             The game lasted 03:52:57 (42370 turns).

Chiseanne the Bludgeoner (Troll Monk)              Turns: 42370, Time: 03:52:58

Health: -3/198     AC: 29    Str: 30    XL:     20   Next: 85%
Magic:  44/44      EV: 13    Int:  4    God:    Okawaru [*****.]
Gold:   419        SH:  0    Dex: 15    Spells: 0 memorised, 19 levels left

rFire  + + .     SeeInvis +     a - +4 giant spiked club of Fury {god gift, crush, rC+ rN+ Str+6 Dex-3}
rCold  + + .     Gourm    +     D - +1 gold dragon armour of Judenaeck {rPois rF+ rC+ rCorr MP+9}
rNeg   + . .     Faith    +     (shield currently unavailable)
rPois  +         Spirit   .     x - +1 hat {MR+} {god gift}
rElec  +         Dismiss  .     q - +0 cloak of the Skies Above {god gift, +Blink rElec MP+9 Int-2}
rCorr  +         Reflect  .     (gloves unavailable)
SustAt .         Harm     .     (boots unavailable)
MR     ++...                    c - amulet of faith
Stlth  ..........               K - ring of see invisible
                                g - ring of protection from fire

@: heroism, finesse, very resistant to hostile enchantments, extremely
unstealthy
A: unfitting armour, claws 3, fast metabolism 3, gourmand, poison resistance,
regeneration 2, shaggy fur 1, tough skin 2
a: Heroism, Finesse, Renounce Religion, Evoke Blink
}: 2/15 runes: serpentine, barnacled


You were on level 1 of the Elven Halls.
You worshipped Okawaru.
Okawaru was extremely pleased with you.
You were completely stuffed.

You visited 8 branches of the dungeon, and saw 39 of its levels.
You visited the Abyss 1 time.
You also visited: Labyrinth.

You collected 3484 gold pieces.
You spent 3065 gold pieces at shops.

Inventory:

Hand Weapons
 a - the +4 giant spiked club of Fury (weapon) {god gift, crush, rC+ rN+ Str+6 Dex-3}
   (Okawaru gifted it to you on level 1 of the Lair of Beasts)

   It inflicts extra damage upon your enemies.
   It affects your strength (+6).
   It affects your dexterity (-3).
   It protects you from cold.
   It protects you from negative energy.
 d - the +7 great mace "Undeadhunter" {disrupt, rN+}
   (You found it on level 12 of the Dungeon)

   It protects you from negative energy.
 s - a +6 giant spiked club of protection
Missiles
 h - 4 poisoned tomahawks
 j - 5 steel javelins
 p - 14 tomahawks of dispersal
 M - 31 javelins of penetration
 S - 4 throwing nets {!*}
 T - 78 large rocks (quivered)
 V - 10 poisoned javelins
Armour
 q - the +0 cloak of the Skies Above (worn) {god gift, +Blink rElec MP+9 Int-2}
   (Okawaru gifted it to you on level 13 of the Dungeon)

   It affects your intelligence (-2).
   It insulates you from electricity.
   It affects your magic capacity (+9).
   It lets you blink.
 x - a +1 hat of magic resistance (worn) {god gift}
 D - the +1 gold dragon armour of Judenaeck (worn) {rPois rF+ rC+ rCorr MP+9}
   (You acquired it on level 4 of the Shoals)

   It protects you from fire.
   It protects you from cold.
   It protects you from poison.
   It affects your magic capacity (+9).
   It protects you from acid and corrosion.
Jewellery
 c - an amulet of faith (around neck)
 g - a ring of protection from fire (left claw)
 E - an uncursed ring of flight
 K - a ring of see invisible (right claw)
Wands
 l - a wand of teleportation (3/9)
 A - a wand of lightning (0/15)
 P - a wand of iceblast (2/15)
 Q - a wand of acid (1/15)
Scrolls
 e - 4 scrolls of recharging
 r - 11 scrolls of remove curse
 t - 3 scrolls of fear
 v - a scroll of blinking
 z - 7 scrolls of identify
 C - 7 scrolls of teleportation
 I - 3 scrolls of fog
 O - 3 scrolls of magic mapping
Potions
 k - 6 potions of might
 o - 3 potions of cancellation
 u - 5 potions of flight
 B - a potion of haste
 F - 2 potions of resistance
 G - 13 potions of curing
 J - a potion of ambrosia
 Z - 2 potions of berserk rage
Miscellaneous
 m - a sack of spiders {used: 10}
 R - a lamp of fire
 U - a fan of gales
Comestibles
 b - 23 bread rations
 f - 5 chunks of flesh
 i - 15 meat rations


   Skills:
 - Level 12.3(17.3) Fighting
 * Level 18.5(23.5) Maces & Flails
 - Level 9.6(14.6) Throwing
 * Level 15.1(20.1) Armour
 - Level 11.7(16.7) Dodging
 - Level 1.1(6.1) Stealth
 - Level 4.0(9.0) Unarmed Combat
 - Level 9.8 Invocations
 - Level 8.0 Evocations


You had 19 spell levels left.
You didn't know any spells.

Dungeon Overview and Level Annotations

Branches:
Dungeon (15/15)            Temple (1/1) D:5            Lair (8/8) D:11
 Shoals (4/4) Lair:6        Snake (4/4) Lair:5        Slime (0/6) Lair:8
    Orc (2/2) D:10            Elf (1/3) Orc:2        Vaults (4/5) D:13
  Crypt (0/3) Vaults:2     Depths (0/5) D:15

Altars:
Cheibriados
Dithmenos
Gozag
Makhleb
Okawaru
Qazlal
Ru
Trog
Vehumet
Xom
Yredelemnul
Beogh

Shops:
D:5 *   D:6 :   D:9 =   Orc:2 !=!**   Elf:1 (   Shoals:4 !   Snake:4 %[(
Vaults:2 [}*}:

Annotations:
D:4 exclusion: statue
D:9 2 runed doors
Shoals:4 exclusion: upstairs
Orc:2 exclusion: upstairs


Innate Abilities, Weirdness & Mutations

You are too large for most types of armour.
You have claws for hands.
Your metabolism is lightning-fast.
You like to eat raw meat.
You heal very quickly.
You are covered in fur (AC +1).
You have very tough skin (AC +2).
Your system is resistant to poisons.


Message History

The deep elf archer shoots an arrow.
The arrow hits you!
* * * LOW HITPOINT WARNING * * *
The deep elf mage casts a spell.
The deep elf mage blinks!
You see here 2 arrows.
You hit the deep elf archer.
The deep elf archer is lightly wounded.
The deep elf archer shoots an arrow.
The arrow hits you!
* * * LOW HITPOINT WARNING * * *
Some of the chunks of flesh in your inventory have rotted away.
There is an open door here.
You see here an arrow.
Drink which item? (? for menu, Esc to quit)
Okay, then.
Read which item? (? for menu, Esc to quit)
As you read the scroll of fear, it crumbles to dust.
You assume a fearsome visage.
The deep elf archer resists with some effort.
The deep elf archer shoots an arrow.
The arrow hits you!
You die...

#.....+ #^....#
##'.#'## ##.####.##
##.## ##.## ##.##
##.## # ##.## ##.###
###.## ##'.. #.@##
########....
##(######..........P
#(e.()e)..#.∩.#')()P
#..))####..e..##..(P
####.# #####......(
#(# ######..
..ee))))# +##
...).e'.# #
#.o#e.#.#


You could see a deep elf archer.

Vanquished Creatures
  Mennas (Vaults:1)
  Boris (Vaults:3)
  Norris (Vaults:3)
  Saint Roka (Snake:3)
  Jorgrun (Vaults:4)
  A tentacled starspawn (Abyss:4)
  Polyphemus (Shoals:3)
  Kirke (D:12)
  The ghost of Loki the Brawler, an adept TrMo of Cheibriados (Lair:5)
  A tengu reaver (Vaults:4)
  Roxanne (Shoals:3)
  6 greater nagas (Snake:4)
  A deep elf sorcerer (Vaults:2)
  Ilsuiw (Shoals:3)
  A fire giant (Vaults:4)
  Aizul (Snake:4)
  4 vault wardens
  4 very ugly things (Vaults:4)
  2 ghouls
  13 ironheart preservers
  A stone giant (Vaults:2)
  3 deep elf demonologists
  A deep elf annihilator (Vaults:1)
  2 salamander stormcallers (Vaults:4)
  5 merfolk javelineers
  An ettin (Vaults:2)
  Snorg (Lair:4)
  A deep elf death mage (Elf:1)
  A crystal guardian (Vaults:4)
  11 vault guards
  Josephine (D:11)
  4 merfolk impalers (Shoals:4)
  2 deep elf high priests (Elf:1)
  A great orb of eyes (Vaults:4)
  6 yaktaur captains
  A minotaur (Lab)
  A great orb of eyes (shapeshifter) (Vaults:1)
  2 fire dragons
  A quicksilver dragon skeleton (Abyss:3)
  9 ogre magi
  3 hydras
  10 naga warriors
  4 merfolk avatars (Shoals:4)
  The ghost of F1L1N the Nimble, a novice TrBe of Trog (Lair:1)
  Erolcha (D:11)
  An anaconda (Snake:4)
  3 merfolk aquamancers
  4 satyrs
  5 death knights
  4 death yaks (Shoals:3)
  A catoblepas (Shoals:3)
  9 centaur warriors
  2 thrashing horrors (Abyss:3)
  4 deep troll earth magi
  A deep troll shaman (Vaults:2)
  6 shock serpents
  2 tengu warriors (D:9)
  4 orc high priests (Orc:2)
  Sonja (D:10)
  5 naga sharpshooters (Snake:4)
  Nergalle (Lair:1)
  8 deep elf knights
  3 large abominations (Abyss:3)
  A wretched star (Abyss:3)
  2 salamander mystics (Vaults:4)
  3 skeletal warriors
  2 shadow wraiths
  A wizard (Vaults:1)
  3 giant orange brains
  4 flayed ghosts (Vaults:2)
  5 sea snakes
  9 deep trolls
  6 deep elf archers
  6 unseen horrors
  An obsidian statue (Vaults:3)
  3 naga ritualists (Snake:4)
  4 phantasmal warriors
  13 orc knights
  4 harpies
  9 hill giants
  A mana viper (Snake:4)
  A lindwurm (Lair:6)
  2 necromancers
  11 ironbrand convokers
  7 manticores
  8 oklob plants
  45 ugly things
  11 fauns
  10 griffons
  3 wolf spiders
  A human zombie (Vaults:4)
  9 deep elf magi
  7 salamanders
  6 orc sorcerers
  2 hornets (Vaults:3)
  A fire giant zombie (Vaults:2)
  9 elephants
  13 cyclopes
  A worldbinder (Abyss:3)
  8 vault sentinels
  A human skeleton (Vaults:4)
  9 naga magi (Snake:4)
  Joseph (D:7)
  A guardian serpent (Snake:3)
  16 black mambas
  12 sirens
  An apocalypse crab (Abyss:3)
  Maurice (D:11)
  2 torpor snails
  A fire giant skeleton (Vaults:2)
  2 centaur zombies
  3 water nymphs (Shoals:4)
  3 centaur skeletons
  21 spiny frogs
  5 komodo dragons
  6 rime drakes
  4 kobold demonologists
  21 yaktaurs
  6 freezing wraiths
  21 merfolk
  A harpy zombie (D:15)
  A giant leech (Lair:8)
  2 polar bears
  2 boulder beetles (Vaults:4)
  6 small abominations (Abyss:3)
  19 two-headed ogres
  3 wind drakes
  14 trolls
  11 slime creatures
  A frost giant simulacrum (Vaults:3)
  23 blink frogs
  A raiju (Abyss:3)
  A human simulacrum (Vaults:4)
  A spriggan (shapeshifter) (Vaults:4)
  2 wyverns
  3 redbacks (Vaults:2)
  A spriggan (D:7)
  9 snapping turtles
  A centaur simulacrum (D:14)
  4 shadows
  9 starcursed masses (Abyss:3)
  7 flying skulls
  5 water elementals
  A ynoxinul (Abyss:3)
  7 basilisks
  5 hogs (D:12)
  7 wraiths
  67 yaks
  2 fire elementals (Elf:1)
  A golden eye (Abyss:3)
  4 hippogriffs
  2 hungry ghosts (D:11)
  A yaktaur simulacrum (Vaults:2)
  Grum (D:11)
  A chaos spawn (Abyss:3)
  A steam dragon (Lair:7)
  16 vampire mosquitoes
  7 wargs
  4 mottled dragons
  39 nagas
  Duvessa (D:5)
  7 porcupines
  13 water moccasins
  43 orc warriors
  A wasp (D:15)
  7 ice beasts
  6 phantoms
  2 black bears
  An eye of draining (shapeshifter) (D:15)
  A sky beast (D:8)
  A centaur (shapeshifter) (Vaults:1)
  3 necrophages (D:10)
  3 boggarts (Vaults:1)
  40 ogres
  10 wolves
  11 centaurs
  17 crocodiles
  6 big kobolds
  3 gnoll sergeants (D:10)
  A wyvern zombie (D:11)
  A glowing shapeshifter simulacrum (Vaults:2)
  28 giant frogs
  Dowan (D:5)
  A wyvern skeleton (D:10)
  8 scorpions
  An elf simulacrum (Vaults:3)
  24 killer bees
  4 wights
  5 electric eels
  5 howler monkeys
  9 crimson imps
  2 giant frog zombies
  4 jellies
  A quasit (D:10)
  A gnoll shaman (D:9)
  2 hounds
  21 orc priests
  An iron imp (Abyss:3)
  23 orc wizards
  5 giant frog skeletons
  2 hell rats (Lair:6)
  9 iguanas
  Terence (D:2)
  12 worker ants
  33 sheep
  A mummy (D:8)
  2 hound skeletons (D:6)
  9 adders
  62 river rats
  14 gnolls
  3 shadow imps
  13 white imps
  An ooze (D:6)
  4 adder skeletons
  2 adder zombies
  2 worms
  9 giant geckos
  126 orcs
  5 giant cockroaches
  14 goblins
  7 hobgoblins
  12 jackals
  23 kobolds
  3 quokkas
  3 ball pythons
  14 bats
  A giant gecko skeleton (D:4)
  6 giant newts
  A quokka skeleton (D:9)
  7 rats
  A fungus (Lair:8)
  17 plants
1587 creatures vanquished.

Vanquished Creatures (collateral kills)
  A deep elf demonologist (Vaults:3)
  3 harpies (Vaults:3)
  A deep elf mage (Vaults:3)
  A vault sentinel (Vaults:3)
6 creatures vanquished.

Vanquished Creatures (others)
  An ironheart preserver (Vaults:1)
  A deep troll earth mage (Vaults:2)
  A deep elf knight (Elf:1)
  A faun (Shoals:4)
  An orc warrior (Vaults:4)
  An orc wizard (Elf:1)
  A river rat (Lair:1)
  5 orcs
  5 fungi
  28 plants
  2 starspawn tentacles (Abyss:4)
  A starspawn tentacle segment (Abyss:4)
48 creatures vanquished.

Grand Total: 1641 creatures vanquished

Notes
Turn   | Place    | Note
--------------------------------------------------------------
     0 | D:1      | Chiseanne the Troll Monk began the quest for the Orb.
     0 | D:1      | Reached XP level 1. HP: 22/22 MP: 0/0
    45 | D:1      | Reached XP level 2. HP: 29/29 MP: 1/1
   451 | D:1      | Reached XP level 3. HP: 37/37 MP: 2/2
   920 | D:2      | Found a faded altar to an unknown god.
  1061 | D:2      | Reached XP level 4. HP: 45/45 MP: 3/3
  1099 | D:2      | Noticed Terence
  1100 | D:2      | Killed Terence
  1635 | D:3      | Found a sacrificial altar of Ru.
  1732 | D:3      | Reached XP level 5. HP: 28/54 MP: 4/4
  1741 | D:3      | Reached skill level 1 in Throwing
  2374 | D:4      | Reached XP level 6. HP: 62/62 MP: 5/5
  2430 | D:4      | Found a shadowy altar of Dithmenos.
  2537 | D:4      | Found a radiant altar of Vehumet.
  2791 | D:4      | Reached XP level 7. HP: 71/71 MP: 6/6
  2896 | D:5      | Entered Level 5 of the Dungeon
  3027 | D:5      | Noticed Duvessa
  3028 | D:5      | Noticed Dowan
  3046 | D:5      | Killed Duvessa
  3053 | D:5      | Killed Dowan
  3226 | D:5      | Reached skill level 5 in Fighting
  3226 | D:5      | Reached skill level 5 in Dodging
  3268 | D:5      | Found a burning altar of Makhleb.
  3278 | D:5      | Got a sapphire mace
  3309 | D:5      | Identified the +8 mace of Hospitality {freeze, Int+10 Dex+2} (You found it on level 5 of the Dungeon)
  3339 | D:5      | Found a stormy altar of Qazlal.
  3399 | D:5      | Found a staircase to the Ecumenical Temple.
  3421 | D:5      | Found Loikh's General Store.
  3425 | D:5      | Bought a scroll of teleportation for 39 gold pieces
  3425 | D:5      | Bought a scroll of fear for 45 gold pieces
  3425 | D:5      | Bought a cursed amulet of inaccuracy for 26 gold pieces
  3425 | D:5      | Bought a potion of might for 52 gold pieces
  3425 | D:5      | Bought a scroll of remove curse for 39 gold pieces
  3558 | D:5      | Reached XP level 8. HP: 65/80 MP: 7/7
  3860 | Temple   | Entered the Ecumenical Temple
  3902 | Temple   | Became a worshipper of Warmaster Okawaru
  3902 | Temple   | Reached * piety under Okawaru
  3902 | Temple   | Reached ** piety under Okawaru
  4075 | D:6      | Found Tytosas's Book Boutique.
  4673 | D:7      | Reached skill level 5 in Throwing
  4706 | D:7      | Reached *** piety under Okawaru
  4954 | D:7      | Found a stormy altar of Qazlal.
  4954 | D:7      | Noticed Joseph
  4971 | D:7      | Killed Joseph
  4971 | D:7      | Reached XP level 9. HP: 25/92 MP: 6/8
  5139 | D:7      | Reached **** piety under Okawaru
  5177 | D:7      | Reached skill level 1 in Invocations
  5179 | D:7      | HP: 6/138 [poisoned by a killer bee]
  5184 | D:7      | HP: 6/138 [poisoned by a killer bee]
  5930 | D:8      | Found a shimmering altar of Xom.
  5930 | D:8      | Found a shimmering altar of Xom.
  5930 | D:8      | Found a shimmering altar of Xom.
  5930 | D:8      | Found a shimmering altar of Xom.
  5930 | D:8      | Found a shimmering altar of Xom.
  5962 | D:8      | Found an opulent altar of Gozag.
  6000 | D:8      | Found a snail-covered altar of Cheibriados.
  6047 | D:8      | Found a bloodstained altar of Trog.
  6325 | D:8      | Received a gift from Okawaru
  6733 | D:9      | Reached XP level 10. HP: 102/102 MP: 11/11
  6743 | D:9      | Reached ***** piety under Okawaru
  6870 | D:9      | Found Virinwea's Jewellery Emporium.
  6914 | D:9      | Bought a cursed ring of teleportation for 58 gold pieces
  6919 | D:9      | Bought an uncursed ring of see invisible for 195 gold pieces
  6966 | D:9      | Received a gift from Okawaru
  7318 | D:9      | Found a large runed door.
  7318 | D:9      | Found a large runed door.
  7379 | D:9      | Found a large runed door.
  7379 | D:9      | Found a large runed door.
  7447 | D:9      | Got an iridescent hand axe
  7448 | D:9      | Identified the +4 hand axe "Ijeceotepp" {venom, rF+} (You found it on level 9 of the Dungeon)
  7575 | D:9      | Noticed a tengu warrior
  7751 | D:9      | Killed a tengu warrior
  7751 | D:9      | Received a gift from Okawaru
  7758 | D:9      | Got a jewelled eveningstar {crush}
  7759 | D:9      | Identified the +4 eveningstar "Xafuf" {crush, Dex+3} (You took it off a tengu warrior on level 9 of the Dungeon)
  8172 | D:9      | Noticed a cyclops
  8172 | D:9      | Noticed a tengu warrior
  8196 | D:9      | Killed a tengu warrior
  8196 | D:9      | Received a gift from Okawaru
  8196 | D:9      | Reached skill level 5 in Invocations
  8203 | D:9      | Killed a cyclops
  8537 | D:10     | Entered Level 10 of the Dungeon
  8979 | D:10     | Received a gift from Okawaru
  9206 | D:10     | Noticed a hill giant
  9211 | D:10     | Killed a hill giant
  9211 | D:10     | Received a gift from Okawaru
  9211 | D:10     | Reached XP level 11. HP: 106/108 MP: 13/15
  9420 | D:10     | Noticed Sonja
  9420 | D:10     | Noticed an unseen horror
  9423 | D:10     | Killed an unseen horror
  9423 | D:10     | Received a gift from Okawaru
  9432 | D:10     | Killed Sonja
  9514 | D:10     | Found a staircase to the Orcish Mines.
 10064 | D:10     | Got a smelly shadow dragon armour {god gift}
 10075 | D:10     | Identified the +7 shadow dragon armour "Bifri" {god gift, *Corrode Int+3 Dex+2 Slay+2 Stlth++++} (Okawaru gifted it to you on level 10 of the Dungeon)
 10172 | Orc:1    | Entered Level 1 of the Orcish Mines
 10464 | Orc:1    | Found a roughly hewn altar of Beogh.
 10592 | Orc:2    | Entered Level 2 of the Orcish Mines
 10632 | Orc:2    | Found a staircase to the Elven Halls.
 10758 | Orc:1    | Noticed an orc knight
 11123 | Orc:2    | Killed an orc knight
 11123 | Orc:2    | Reached skill level 1 in Armour
 11224 | Orc:1    | Received a gift from Okawaru
 11367 | Orc:2    | Noticed an orc high priest
 11374 | Orc:2    | Killed an orc high priest
 11433 | Orc:2    | Found Yriav's Assorted Antiques.
 11442 | Orc:2    | Bought a scroll labeled FUAN WU UPTA for 36 gold pieces
 11442 | Orc:2    | Bought a brass wand for 144 gold pieces
 11442 | Orc:2    | Bought a scroll of teleportation for 108 gold pieces
 11442 | Orc:2    | Bought a potion of might for 144 gold pieces
 11470 | Orc:2    | Noticed an orc sorcerer
 11471 | Orc:2    | Killed an orc sorcerer
 11486 | Orc:2    | Found a roughly hewn altar of Beogh.
 11633 | Orc:2    | Received a gift from Okawaru
 11647 | Orc:2    | Noticed an orc knight
 11677 | Orc:2    | Killed an orc knight
 11677 | Orc:2    | Reached XP level 12. HP: 118/122 MP: 15/18
 11744 | Orc:2    | Noticed an orc high priest
 11750 | Orc:2    | Killed an orc high priest
 11761 | Orc:2    | Received a gift from Okawaru
 12057 | Orc:2    | Paralysed by an orc sorcerer for 7 turns
 12317 | Orc:2    | Noticed an orc high priest
 12318 | Orc:2    | Noticed an orc high priest
 12329 | Orc:2    | Killed an orc high priest
 12337 | Orc:2    | Killed an orc high priest
 12337 | Orc:2    | Received a gift from Okawaru
 12384 | Orc:2    | Found Xaimaf's Assorted Antiques.
 12384 | Orc:2    | Found Itruecua's Distillery.
 12392 | Orc:2    | Found Fapra's Jewellery Shop.
 12392 | Orc:2    | Found Ymomoaq's Distillery.
 12403 | Orc:2    | Bought a potion of berserk rage for 65 gold pieces
 12403 | Orc:2    | Bought a potion of might for 52 gold pieces
 12403 | Orc:2    | Bought a potion of curing for 39 gold pieces
 12403 | Orc:2    | Bought a potion of curing for 39 gold pieces
 12403 | Orc:2    | Bought a potion of might for 52 gold pieces
 12403 | Orc:2    | Bought a potion of curing for 39 gold pieces
 12406 | Orc:2    | Bought a potion of heal wounds for 75 gold pieces
 12597 | D:11     | Reached skill level 5 in Armour
 12860 | D:11     | Noticed Josephine
 12866 | D:11     | Killed Josephine
 12939 | D:11     | Reached skill level 10 in Fighting
 13305 | D:11     | Noticed Maurice
 13315 | D:11     | Killed Maurice
 13390 | D:11     | Found a staircase to the Lair.
 13395 | D:11     | Received a gift from Okawaru
 13502 | D:11     | Reached XP level 13. HP: 119/133 MP: 19/19
 13504 | D:11     | Noticed Grum
 13512 | D:11     | Killed Grum
 13705 | D:11     | Noticed Erolcha
 13708 | D:11     | Killed Erolcha
 13708 | D:11     | Received a gift from Okawaru
 14288 | D:11     | Received a gift from Okawaru
 14357 | D:12     | Found a labyrinth entrance.
 14389 | Lab      | Entered a labyrinth
 14454 | Lab      | Noticed a minotaur
 14460 | Lab      | Killed a minotaur
 14482 | Lab      | Got a sparkling sapphire amulet
 14507 | Lab      | Identified Sif Muna's Tome of Ghastly Translocation
 14736 | D:12     | Reached skill level 1 in Evocations
 15158 | D:12     | Reached skill level 1 in Maces & Flails
 15213 | D:12     | Noticed Kirke
 15248 | D:12     | Killed Kirke
 15248 | D:12     | Reached skill level 2 in Maces & Flails
 15666 | D:12     | Identified the amulet "Didwiw" {Harm *Drain rF- rN++ MR+ Stlth+} (You took it off a minotaur in a labyrinth)
 15766 | D:13     | Reached skill level 3 in Maces & Flails
 15981 | D:13     | Reached skill level 4 in Maces & Flails
 16016 | D:13     | Received a gift from Okawaru
 16017 | D:13     | Got a brightly glowing cloak {god gift}
 16029 | D:13     | Reached skill level 5 in Maces & Flails
 16129 | D:13     | Identified the +0 cloak of the Skies Above {god gift, +Blink rElec MP+9 Int-2} (Okawaru gifted it to you on level 13 of the Dungeon)
 16254 | D:13     | Noticed a vault guard
 16254 | D:13     | Noticed a vault guard
 16256 | D:13     | Noticed a vault guard
 16257 | D:13     | Noticed a vault guard
 16259 | D:13     | Noticed a vault guard
 16261 | D:13     | Noticed a vault guard
 16261 | D:13     | Noticed a vault guard
 16267 | D:13     | Killed a vault guard
 16269 | D:13     | Killed a vault guard
 16271 | D:13     | Noticed a vault guard
 16273 | D:13     | Killed a vault guard
 16273 | D:13     | Reached skill level 6 in Maces & Flails
 16278 | D:13     | Killed a vault guard
 16282 | D:13     | Killed a vault guard
 16286 | D:13     | Killed a vault guard
 16286 | D:13     | Reached XP level 14. HP: 123/144 MP: 20/20
 16294 | D:13     | Reached skill level 7 in Maces & Flails
 16312 | D:13     | Found a gate to the Vaults.
 16494 | D:13     | Reached skill level 5 in Evocations
 16790 | D:14     | Received a gift from Okawaru
 17009 | D:14     | Found a shadowy altar of Dithmenos.
 17203 | D:14     | Received a gift from Okawaru
 17203 | D:14     | Reached skill level 8 in Maces & Flails
 17266 | D:14     | Received a gift from Okawaru
 17393 | D:15     | Entered Level 15 of the Dungeon
 17424 | D:15     | Reached skill level 9 in Maces & Flails
 18087 | D:15     | Found a staircase to the Depths.
 18191 | D:15     | Reached skill level 10 in Maces & Flails
 18846 | Lair:1   | Entered Level 1 of the Lair of Beasts
 19024 | Lair:1   | Reached skill level 11 in Maces & Flails
 19127 | Lair:1   | Received a gift from Okawaru
 19128 | Lair:1   | Got a transparent giant spiked club {god gift}
 19162 | Lair:1   | Identified the +4 giant spiked club of Fury {god gift, crush, rC+ rN+ Str+6 Dex-3} (Okawaru gifted it to you on level 1 of the Lair of Beasts)
 19306 | Lair:1   | Noticed F1L1N's ghost (novice TrBe)
 19313 | Lair:1   | Noticed Nergalle
 19494 | Lair:1   | Killed F1L1N's ghost
 19502 | Lair:1   | Killed Nergalle
 20708 | Lair:3   | Reached XP level 15. HP: 133/152 MP: 21/21
 20954 | Lair:3   | Reached skill level 12 in Maces & Flails
 21409 | Lair:3   | Received a gift from Okawaru
 21941 | Lair:4   | Got a bloodstained cloak
 21942 | Lair:4   | Identified the +0 cloak of the Evening Star {rCorr Dex+6} (You found it on level 4 of the Lair of Beasts)
 21947 | Lair:4   | Noticed Snorg
 21952 | Lair:4   | Killed Snorg
 22269 | Lair:5   | Noticed Loki's ghost (adept TrMo)
 22276 | Lair:5   | Killed Loki's ghost
 22276 | Lair:5   | Received a gift from Okawaru
 22417 | Lair:5   | Reached XP level 16. HP: 159/159 MP: 22/22
 22603 | Lair:5   | Found a staircase to the Snake Pit.
 23387 | Lair:6   | Found a staircase to the Shoals.
 24771 | Lair:8   | Entered Level 8 of the Lair of Beasts
 25076 | Lair:8   | Reached skill level 13 in Maces & Flails
 25104 | Lair:8   | Received a gift from Okawaru
 25403 | Lair:8   | Received a gift from Okawaru
 25499 | Lair:8   | Reached ****** piety under Okawaru
 25894 | Lair:8   | Found a staircase to the Slime Pits.
 26804 | Snake:1  | Entered Level 1 of the Snake Pit
 26815 | Snake:1  | Received a gift from Okawaru
 27201 | Orc:2    | Bought a potion of curing for 45 gold pieces
 27201 | Orc:2    | Bought a potion of curing for 45 gold pieces
 27201 | Orc:2    | Bought 2 potions of curing for 90 gold pieces
 27201 | Orc:2    | Bought a potion of curing for 45 gold pieces
 27201 | Orc:2    | Bought 2 potions of curing for 90 gold pieces
 27201 | Orc:2    | Bought a potion of flight for 45 gold pieces
 27203 | Orc:2    | Bought a tapered lead wand for 148 gold pieces
 27203 | Orc:2    | Bought a potion of agility for 148 gold pieces
 27472 | Snake:2  | Gained mutation: Your system is resistant to poisons. [potion of beneficial mutation]
 27577 | Snake:3  | Reached XP level 17. HP: 170/170 MP: 23/23
 27627 | Snake:4  | Entered Level 4 of the Snake Pit
 27629 | Snake:4  | Noticed Saint Roka
 27732 | Snake:4  | Received a gift from Okawaru
 27759 | Snake:4  | Got a scorched morningstar {god gift}
 27760 | Snake:4  | Identified the +2 morningstar "Keopp" {god gift, crush, *Noise +Fly Int+4} (Okawaru gifted it to you on level 4 of the Snake Pit)
 27766 | Snake:4  | Found Geubomour's Food Emporium.
 27766 | Snake:4  | Noticed Aizul
 27788 | Snake:4  | Killed Aizul
 27795 | Snake:4  | Found Denkehol's Armour Shoppe.
 28054 | Snake:3  | Killed Saint Roka
 28373 | Snake:4  | Received a gift from Okawaru
 28425 | Snake:4  | Found Neosm's Antique Weapon Shop.
 28452 | Snake:4  | Reached skill level 10 in Dodging
 29105 | Snake:4  | Found Began's Magic Scroll Shoppe.
 29125 | Snake:4  | Bought a scroll of identify for 38 gold pieces
 29125 | Snake:4  | Bought a scroll of identify for 38 gold pieces
 29125 | Snake:4  | Bought a scroll of enchant weapon for 142 gold pieces
 29125 | Snake:4  | Bought a scroll of magic mapping for 66 gold pieces
 29125 | Snake:4  | Bought a scroll of enchant weapon for 142 gold pieces
 29125 | Snake:4  | Bought a scroll of immolation for 66 gold pieces
 29125 | Snake:4  | Bought a scroll of identify for 38 gold pieces
 29125 | Snake:4  | Bought a scroll of teleportation for 57 gold pieces
 29125 | Snake:4  | Bought a scroll of remove curse for 57 gold pieces
 29125 | Snake:4  | Bought a scroll of identify for 38 gold pieces
 29125 | Snake:4  | Bought a scroll of identify for 38 gold pieces
 29264 | Snake:4  | Received a gift from Okawaru
 29842 | Snake:4  | Received a gift from Okawaru
 30136 | Snake:4  | Received a gift from Okawaru
 30280 | Snake:4  | Reached skill level 14 in Maces & Flails
 30343 | Snake:4  | Got a serpentine rune of Zot
 30677 | Shoals:1 | Entered Level 1 of the Shoals
 31092 | Shoals:3 | Received a gift from Okawaru
 31133 | Shoals:3 | Received a gift from Okawaru
 31300 | Shoals:3 | Noticed Roxanne
 31404 | Shoals:3 | Killed Roxanne
 31443 | Shoals:4 | Entered Level 4 of the Shoals
 31486 | Shoals:4 | Received a gift from Okawaru
 31486 | Shoals:4 | Reached XP level 18. HP: 129/182 MP: 24/24
 31541 | Shoals:4 | Got a smoking giant spiked club {god gift}
 31543 | Shoals:4 | Identified the +4 giant spiked club of the Hall of Blades {god gift, freeze, rF+} (Okawaru gifted it to you on level 4 of the Shoals)
 31570 | Shoals:4 | Identified a scroll of acquirement
 31612 | Shoals:4 | Got a faintly humming gold dragon armour
 31613 | Shoals:4 | Identified the +1 gold dragon armour of Judenaeck {rPois rF+ rC+ rCorr MP+9} (You acquired it on level 4 of the Shoals)
 31629 | Shoals:4 | Found Jifeneiff's Distillery.
 31639 | Shoals:4 | Bought a potion of ambrosia for 136 gold pieces
 31673 | Shoals:4 | Bought a potion of haste for 170 gold pieces
 31835 | Shoals:4 | Reached skill level 10 in Armour
 32150 | Shoals:4 | Received a gift from Okawaru
 32318 | Shoals:4 | Received a gift from Okawaru
 32808 | Shoals:4 | Got a barnacled rune of Zot
 32860 | Shoals:3 | Noticed Ilsuiw
 32905 | Shoals:3 | Killed Ilsuiw
 32905 | Shoals:3 | Received a gift from Okawaru
 32932 | Shoals:3 | Noticed Polyphemus
 32956 | Shoals:3 | Killed Polyphemus
 32956 | Shoals:3 | Received a gift from Okawaru
 33487 | Vaults:1 | Entered Level 1 of the Vaults
 33489 | Vaults:1 | Noticed a Tzitzimitl
 34011 | Vaults:1 | Reached skill level 15 in Maces & Flails
 34653 | Vaults:1 | Cast into level 3 of the Abyss (a deep elf demonologist)
 34818 | Abyss:3  | Found a viscous altar of Jiyva.
 34879 | Abyss:3  | Paralysed by accursed screaming for 1 turns
 35055 | Abyss:3  | Received a gift from Okawaru
 35286 | Vaults:1 | Escaped the Abyss
 35287 | Vaults:1 | Noticed a Tzitzimitl
 35565 | Vaults:1 | Reached XP level 19. HP: 172/189 MP: 25/25
 35673 | Vaults:1 | Received a gift from Okawaru
 35722 | Vaults:1 | Found a radiant altar of Vehumet.
 36215 | Vaults:2 | Found Peminys's Gadget Emporium.
 36256 | Vaults:2 | Reached skill level 16 in Maces & Flails
 36445 | Vaults:2 | Found Ivywejuh's Armour Boutique.
 36459 | Vaults:2 | Found Irulah's Gadget Emporium.
 36689 | Vaults:2 | Received a gift from Okawaru
 36697 | Vaults:2 | Found Vuojoydd's General Store.
 36707 | Vaults:2 | Bought a scroll of teleportation for 39 gold pieces
 36707 | Vaults:2 | Bought a scroll of enchant armour for 97 gold pieces
 37112 | Vaults:2 | Found Voet's Book Emporium.
 37139 | Vaults:2 | Received a gift from Okawaru
 37474 | Vaults:2 | Received a gift from Okawaru
 37513 | Vaults:2 | Received a gift from Okawaru
 37892 | Vaults:2 | Found a staircase to the Crypt.
 37939 | Vaults:2 | You fall through a shaft for 2 floors!
 38093 | Vaults:4 | Noticed Jorgrun
 38101 | Vaults:4 | Killed Jorgrun
 38101 | Vaults:4 | Reached skill level 17 in Maces & Flails
 38140 | Vaults:4 | Paralysed by an ogre mage for 7 turns
 38386 | Vaults:4 | Noticed a Brimstone Fiend
 38714 | Vaults:4 | Reached XP level 20. HP: 167/198 MP: 26/26
 38718 | Vaults:4 | Received a gift from Okawaru
 38797 | Vaults:4 | Received a gift from Okawaru
 39347 | Vaults:4 | Received a gift from Okawaru
 39784 | Vaults:3 | Noticed Norris
 39802 | Vaults:3 | Killed Norris
 40011 | Vaults:3 | Received a gift from Okawaru
 40322 | Vaults:3 | Noticed Boris
 40327 | Vaults:3 | Killed Boris
 40368 | Vaults:3 | Reached skill level 18 in Maces & Flails
 40374 | Vaults:3 | Noticed a Tzitzimitl
 40402 | Vaults:3 | Noticed a Tzitzimitl
 40861 | Vaults:3 | Received a gift from Okawaru
 41120 | Vaults:2 | Noticed Mennas
 41139 | Vaults:1 | Received a gift from Okawaru
 41472 | Vaults:1 | Killed Mennas
 42096 | Elf:1    | Entered Level 1 of the Elven Halls
 42173 | Elf:1    | Received a gift from Okawaru
 42240 | Elf:1    | Reached skill level 15 in Armour
 42253 | Elf:1    | Found Jeotsi's Weapon Shop.
 42302 | Elf:1    | Received a gift from Okawaru
 42370 | Elf:1    | Shot with an arrow by a deep elf archer

Vault maps used:
D:1:      shiori_arrival_oz, minmay_vboxes
D:2:      ecumenical_altar_1, serial_park_tiny_1, uniq_terence
D:3:      kennysheep_six_static_rooms, nicolae_ru_the_path_less_chosen,
          first_bread, serial_corexii_hall, corexii_hall_statues_l,
          corexii_hall_statues_x
D:4:      vehumet_statue, lemuel_doored_altar
D:5:      overflow_temple_1_default, grunt_qazlal_sundering,
          minmay_temple_entry_statues, serial_shops, nicolae_shop_stone,
          uniq_duvessa
D:6:      serial_shops, shop
D:7:      basic_altar, the_bakery, uniq_joseph
D:8:      slow_altar_2, lemuel_round_altar,
          nicolae_gozag_cash_rules_everything_around_me, xom_shifter_show
D:9:      serial_shops, shop_fountains, minmay_hollow_rounded_squares
D:10:     kennysheep_orc_monster_closet_entryway, uniq_sonja
D:11:     lair_0_dummy, portal_ice_cave_entry_imps, uniq_josephine, uniq_grum,
          uniq_maurice, uniq_erolcha
D:12:     minmay_goldmine, lab_entry_generic, uniq_kirke
D:13:     erik_vaults_2
D:14:     grunt_dithmenos_smoke
D:15:     gammafunk_enter_depths_forms, abandoned_shop
Temple:   dpeg_five_rooms_temple_12
Lair:1:   grunt_forest_large_clearings, uniq_nergalle
Lair:2:   minmay_lair_oklob_chamber, serial_bayou_lagoon_a
Lair:3:   minmay_lair_oklob_tunnel
Lair:4:   minmay_lair_oklob_items, uniq_snorg
Lair:5:   minmay_snake_entry_guardpost_medium
Lair:6:   kennysheep_rathole, shoals_dummy_entry, infiniplex_staircase_pool,
          serial_bayou_shore_b
Lair:7:   guppyfry_lair_drakes, serial_bayou_shore_b, grunt_megastairs_3
Lair:8:   minmay_lair_end_frog_pond, minmay_slime_entry_oklob_enclosed
Shoals:1: uniq_louise
Shoals:2: nicolae_shoals_mertower
Shoals:3: nicolae_shoals_cliffside_cave, uniq_roxanne, uniq_polyphemus,
          uniq_ilsuiw
Shoals:4: shoals_end_grunt_ice, shoals_ilsuiw_ice, serial_shops, shop
Snake:1:  grunt_ministairs_1
Snake:2:  basic_stair_grate_trap
Snake:4:  minmay_snake_end_coiled, serial_shops, shop, shop,
          nicolae_shop_waterfront, shop, spider_trap, stair_cage_line,
          lemuel_fruit_tree, uniq_aizul, uniq_saint_roka
Orc:1:    basic_altar
Orc:2:    grunt_orc_tribal_feast, serial_shops, shop, nicolae_orc_lost_temple
Elf:1:    elf_arrival_001, serial_shops, nicolae_shop_stone, orc_legates
Vaults:1: vaults_room_corners, nicolae_vaults_little_squares_5, v_misc_26,
          vaults_mumra_lcd, vaults_room_grunt_arrival_ludios,
          nicolae_vaults_theta, hangedman_vaults_nails, v_misc_25, v_misc_26,
          basic_altar
Vaults:2: vaults_room_fancy_cross, v_misc_13, nicolae_vaults_alarming,
          nicolae_vaults_ninety_degrees, minmay_crypt_entry_simple_round,
          nicolae_vaults_theta, v_misc_10, hangedman_vaults_cutoff, v_rooms_3,
          vaults_room_door_ring, v_pattern_3, serial_shops, shop,
          nicolae_shop_stone, shop, nicolae_shop_behind_doors, shop_fountains,
          uniq_mennas
Vaults:3: ontoclasm_vaults_decontamination, vaults_dpeg_diagonal,
          nicolae_vaults_circle_grid_a, v_misc_17, hangedman_vaults_locks,
          ontoclasm_vaults_shuriken, nicolae_vaults_yaktaur_gun_rack,
          vaults_standard_mumra_enter_the_diamond, nicolae_vaults_angled_halls,
          ontoclasm_vaults_ring_large, ontoclasm_vaults_misaligned,
          ontoclasm_vaults_misaligned, nicolae_vaults_statue_guard,
          nicolae_vaults_ring_of_whatevers, hangedman_vaults_slice, uniq_boris,
          uniq_norris
Vaults:4: vaults_dpeg_hooks, vaults_room_boxed, ontoclasm_vaults_fault,
          hangedman_vaults_stitches, ontoclasm_vaults_spin, v_misc_3,
          hangedman_vaults_stagger, st_more_cells, v_misc_3, grunt_vaults_focal,
          vaults_room_pools, vaults_room_hallway, uniq_jorgrun
Abyss:3:  hangedman_abyss_batty_box, kb_abyss_rune_zappy,
          evilmike_abyss_exit_kraken
Abyss:4:  serial_sigils_hangedman_shear, evilmike_abyss_rune_shrine
Lab:      nicolae_lab_checkerboard, nicolae_lab_diamond, nicolae_lab_garden,
          nicolae_lab_starburst, nicolae_lab_blocks, nicolae_lab_quarters,
          nicolae_lab_swirl, nicolae_lab_statue

Skill      XL: |  1  2  3  4  5  6  7  8  9 10 11 12 13 14 15 16 17 18 19 20 |
---------------+-------------------------------------------------------------+-----
Fighting       | 3 4 5 6 7 8 10 11 12 | 12.3
Dodging        | 3 4 5 6 7 8 9 10 11 | 11.7
Throwing       | 2 3 4 5 6 7 9 |  9.6
Invocations    | 3 6 9 |  9.8
Armour         | 3 5 6 7 8 9 11 13 15 | 15.1
Evocations     | 4 5 7 8 |  8.0
Maces & Flails | 6 11 12 13 14 15 17 18 | 18.5
Stealth        | |  1.1
Unarmed Combat | |  4.0

Action                   |  1- 3 |  4- 6 |  7- 9 | 10-12 | 13-15 | 16-18 | 19-21 || total
-------------------------+-------+-------+-------+-------+-------+-------+-------++-------
Melee: Unarmed           |   132 |   168 |    34 |       |    12 |       |       ||   346
       Punch             |       |     2 |     7 |    20 |    13 |    59 |       ||   101
       Mace              |       |       |   212 |   557 |   483 |  1291 |       ||  2543
       Hand axe          |       |       |       |    11 |       |       |       ||    11
       Eveningstar       |       |       |       |    40 |     2 |       |       ||    42
       Great mace        |       |       |       |       |   117 |    16 |    70 ||   203
       War axe           |       |       |       |       |    10 |       |       ||    10
       Giant spiked club |       |       |       |       |   115 |   483 |   780 ||  1378
 Fire: Blowgun           |       |       |     6 |       |       |       |       ||     6
Throw: Large rock        |       |     4 |    36 |   219 |   261 |   355 |   261 ||  1136
       Javelin           |       |       |       |    12 |       |       |       ||    12
       Tomahawk          |       |       |       |    26 |       |       |       ||    26
       Stone             |       |       |       |    12 |       |       |       ||    12
Invok: Heroism           |       |       |     5 |    36 |    24 |    58 |    38 ||   161
       Finesse           |       |       |       |    10 |    11 |    29 |    19 ||    69
Evoke: Wand              |       |       |       |    13 |       |     2 |    12 ||    27
       Lamp of fire      |       |       |       |       |       |       |     1 ||     1
       Sack of spiders   |       |       |       |       |       |       |    15 ||    15
  Use: Scroll            |     3 |     7 |     9 |     7 |    14 |    19 |     6 ||    65
       Potion            |       |       |     7 |     9 |     1 |    14 |    16 ||    47
 Stab: Sleeping          |     2 |     1 |     4 |       |    14 |    11 |       ||    32
       Distracted        |       |       |       |     1 |       |     2 |     3 ||     6
       Invisible         |       |       |       |       |       |    27 |     4 ||    31
       Petrified         |       |       |       |       |       |     5 |       ||     5
       Held in net/web   |       |       |       |       |       |       |     1 ||     1
  Eat: Chunk             |    15 |    16 |    38 |    72 |    89 |   111 |    77 ||   418
       Fruit             |       |       |       |     3 |       |     6 |       ||     9
       Bread ration      |       |       |       |       |       |     1 |       ||     1
Armor: Robe              |    72 |    55 |    76 |    88 |       |       |       ||   291
       Skin              |       |       |     6 |    17 |       |       |       ||    23
       Shadow dragon arm |       |       |       |   315 |   479 |   636 |       ||  1430
       Gold dragon armou |       |       |       |       |       |   378 |   572 ||   950
Dodge: Dodged            |    86 |    89 |   263 |   761 |   429 |  1126 |   379 ||  3133
